 Dungeon Crawl Stone Soup version 0.25-a0-523-g9afb2ee040 (webtiles) character file.

Game seed: 6122812256610534987, levelgen mode: classic

4572 EnegeticOcto the Cleaver (level 10, 25/94 HPs)
             Began as a Deep Dwarf Fighter on Feb 18, 2020.
             Was a Follower of Makhleb.
             Quit the game on level 8 of the Dungeon.
             The game lasted 00:03:40 (4023 turns).

EnegeticOcto the Cleaver (Deep Dwarf Fighter)       Turns: 4023, Time: 00:03:41

Health: 25/94      AC: 14    Str: 23    XL:     10   Next: 18%
Magic:  0/1        EV:  9    Int:  9    God:    Makhleb [*.....]
Gold:   445        SH: 11    Dex: 12    Spells: 9/9 levels left

rFire    . . .     SeeInvis .   a - +0 war axe
rCold    . . .     Gourm    .   c - +0 kite shield
rNeg     . . .     Faith    .   r - +0 shadow dragon scales
rPois    .         Spirit   .   (no helmet)
rElec    .         Reflect  .   g - +0 cloak
rCorr    .         Harm     .   (no gloves)
MR       +....                  (no boots)
Stlth    ++........             (no amulet)
HPRegen  0.00/turn              (no ring)
MPRegen  0.07/turn              (no ring)

@: non-regenerating
A: damage resistance, heal wounds, sense surroundings 2, no regeneration
a: Heal Wounds, Renounce Religion


You were on level 8 of the Dungeon.
You worshipped Makhleb.
Makhleb was aware of your devotion.
You were not hungry.

You visited 2 branches of the dungeon, and saw 9 of its levels.

You collected 445 gold pieces.

Inventory:

Hand Weapons
 a - a +0 war axe (weapon)
Armour
 c - a +0 kite shield (worn)
 g - a +0 cloak (worn)
 r - +0 shadow dragon scales (worn)
Wands
 b - a wand of disintegration (12)
 u - a wand of scattershot (7)
Scrolls
 d - 4 scrolls of teleportation {@r2}
 i - a scroll of immolation {@r4}
 j - 2 scrolls of magic mapping {@r5}
 l - 6 scrolls of identify {@r1}
Potions
 f - 2 potions of flight
 h - 2 potions of lignification {@q7}
 k - 4 potions of might {@q3}
 m - 2 potions of resistance {@q6}
 n - a potion of heal wounds {@q2}
 p - a potion of curing {@q1}
Comestibles
 e - 18 rations
 v - 21 chunks of flesh


   Skills:
 * Level 7.5 Fighting
 * Level 8.7 Axes
 + Level 6.8 Armour
 + Level 5.6 Dodging
 + Level 6.8 Shields
 * Level 5.3 Invocations


You had 9 spell levels left.
You didn't know any spells.
Your spell library was empty.

Dungeon Overview and Level Annotations

Branches:
Dungeon (8/15)             Temple (1/1) D:7
   Lair: D:8-11

Altars:
Ashenzari
Cheibriados
Dithmenos
Elyvilon
Fedhas
Gozag
Hepliaklqana
Kikubaaqudgha
Makhleb
Nemelex Xobeh
Okawaru
Ru
Trog
Uskayaw
Vehumet
Wu Jian
Xom
Yredelemnul
Zin
The Shining One


Innate Abilities, Weirdness & Mutations

You are resistant to damage.
You can heal yourself by infusing magical energy.
You passively map the area around you.
You do not regenerate.


Message History

Your magical essence is drained by the effort!
You feel much better.
The two-headed ogre hits you with a +0 giant club! x2
Your magical essence is drained by the effort!
You feel much better. You block the orc priest's attack.
You hit the orc priest.
The orc priest is severely wounded.
Your shield prevents you from hitting the two-headed ogre.
You block the two-headed ogre's attack. x2
The orc priest hits you but does no damage.
You slash the orc priest!
You kill the orc priest!
Makhleb accepts your kill.
You barely miss the two-headed ogre. The two-headed ogre closely misses you.
You block the two-headed ogre's attack.
Your shield and shadow dragon scales prevent you from hitting the two-headed ogre.
The two-headed ogre is lightly wounded.
The two-headed ogre hits you with a +0 giant club.
The two-headed ogre hits you with a +0 giant club!
Your shield and shadow dragon scales prevent you from hitting the two-headed ogre.
The two-headed ogre is lightly wounded.
You block the two-headed ogre's attack. x2
You completely miss the two-headed ogre.
The two-headed ogre is lightly wounded.
The two-headed ogre hits you with a +0 giant club!
* * * LOW HITPOINT WARNING * * *
The two-headed ogre hits you with a +0 giant club.
* * * LOW HITPOINT WARNING * * *
You are too injured to fight recklessly!
You are too injured to fight recklessly!
You are too injured to fight recklessly!
You are too injured to fight recklessly!
You are too injured to fight recklessly!
You are too injured to fight recklessly!
You are too injured to fight recklessly!
You are too injured to fight recklessly!
You are too injured to fight recklessly!
You feel much better.
Your magical essence is drained by the effort!
You feel much better.
You block the two-headed ogre's attack. x2
You hit the two-headed ogre but do no damage.
The two-headed ogre is lightly wounded.
You block the two-headed ogre's attack. x2
You slash the two-headed ogre!
The two-headed ogre is moderately wounded.
The two-headed ogre hits you with a +0 giant club! x2
You hit the two-headed ogre.
The two-headed ogre is moderately wounded.
The two-headed ogre hits you with a +0 giant club!
The two-headed ogre barely misses you.
You hit the two-headed ogre.
The two-headed ogre is moderately wounded.
You block the two-headed ogre's attack.
The two-headed ogre hits you with a +0 giant club!
You hit the two-headed ogre.
The two-headed ogre is heavily wounded.
You barely miss the two-headed ogre.
The two-headed ogre is heavily wounded.
The two-headed ogre hits you but does no damage.
The two-headed ogre hits you with a +0 giant club!
You barely miss the two-headed ogre.
The two-headed ogre is heavily wounded.
The two-headed ogre hits you with a +0 giant club.
The two-headed ogre hits you with a +0 giant club!
You are too injured to fight recklessly!
You are too injured to fight recklessly!
You are too injured to fight recklessly!
You are too injured to fight recklessly!
You are too injured to fight recklessly!
You are too injured to fight recklessly!
You are too injured to fight recklessly!
You are too injured to fight recklessly!
You are too injured to fight recklessly!
You are too injured to fight recklessly!
You are too injured to fight recklessly!
You are too injured to fight recklessly!
You are too injured to fight recklessly!
You are too injured to fight recklessly!
You are too injured to fight recklessly!
You are too injured to fight recklessly!
You are too injured to fight recklessly!
You are too injured to fight recklessly!
You hit the two-headed ogre.
The two-headed ogre is heavily wounded.
The two-headed ogre barely misses you. You block the two-headed ogre's attack.
You hit the two-headed ogre.
The two-headed ogre is heavily wounded.
You block the two-headed ogre's attack.
The two-headed ogre hits you with a +0 giant club!
* * * LOW HITPOINT WARNING * * *
You slash the two-headed ogre!
The two-headed ogre is severely wounded.
The two-headed ogre misses you. The two-headed ogre closely misses you.
You slice the two-headed ogre!!
You kill the two-headed ogre!
Makhleb accepts your kill.
Your Invocations skill increases to level 5!
Things that are here:
a +0 giant club x2
Are you sure you want to abandon this character and quit the game? (Confirm with "yes".)

##.##.#####.. .. *
....)รท...#####.# *
##.#..##...###.# ,
#>...(.....%...##
.......##.##....### , *
#......#...#)...... *
##.#....$...)...## ** *
#......._.))....##
.##............@.# * *
#.*#...#...#..........#
*, #.#.##.##...p[.#####
*, #.#...........## ,
##...#....## *
.#....#.## ,
.#####.#.#* * .# ##...*
* * ** , * * , ,


You could see a neutral freed slave (wandering).

Vanquished Creatures
  2 two-headed ogres (D:8)
  Pikel (D:8)
  Duvessa (D:6)
  A phantom (D:5)
  A slave (D:8)
  An ice beast (D:7)
  A sky beast (D:6)
  2 black bears
  2 orc warriors (D:7)
  2 ogres
  A centaur (D:7)
  A bullfrog (D:8)
  Dowan (D:6)
  A scorpion (D:5)
  4 wights (D:6)
  An electric eel (D:7)
  9 crimson imps
  A bullfrog zombie (D:5)
  2 hounds
  A quasit (D:6)
  A gnoll shaman (D:5)
  8 orc priests
  A jelly (D:5)
  8 orc wizards
  A bullfrog skeleton (D:5)
  2 iguanas
  8 worker ants
  3 hound skeletons
  9 gnolls
  4 adders
  An ooze (D:3)
  An adder skeleton (D:5)
  An adder zombie (D:5)
  A dart slug (D:4)
  A leopard gecko (D:4)
  35 orcs
  3 giant cockroaches
  3 goblins
  2 hobgoblins
  2 jackals (D:1)
  7 kobolds
  3 quokkas
  4 ball pythons
  2 bats
  3 frilled lizards
  A giant cockroach zombie (D:5)
  3 rats
154 creatures vanquished.

Vanquished Creatures (others)
  An orc wizard (D:7)
1 creature vanquished.

Grand Total: 155 creatures vanquished

Notes
Turn   | Place    | Note
-------+----------+-------------------------------------------
     0 | D:1      | EnegeticOcto the Deep Dwarf Fighter began the quest for the
                  | Orb.
     0 | D:1      | Reached XP level 1. HP: 20/20 MP: 1/1
   263 | D:2      | Reached XP level 2. HP: 27/27 MP: 2/2
   368 | D:2      | Reached XP level 3. HP: 34/34 MP: 3/3
   371 | D:2      | Reached skill level 3 in Axes
   375 | D:2      | Reached skill level 1 in Dodging
   450 | D:3      | Reached XP level 4. HP: 39/42 MP: 4/4
   520 | D:3      | Found a shimmering altar of Xom.
   531 | D:3      | Reached XP level 5. HP: 47/50 MP: 4/4
   638 | D:3      | Reached skill level 4 in Axes
   729 | D:4      | Reached XP level 6. HP: 34/57 MP: 5/5
  1510 | D:5      | Entered Level 5 of the Dungeon
  1510 | D:5      | Found a bloodstained altar of Trog.
  1522 | D:5      | Reached XP level 7. HP: 56/66 MP: 5/5
  1573 | D:5      | Reached skill level 5 in Axes
  1837 | D:5      | Reached skill level 5 in Fighting
  1947 | D:5      | Reached skill level 5 in Armour
  1947 | D:5      | Reached skill level 5 in Shields
  1951 | D:5      | Reached XP level 8. HP: 37/74 MP: 5/5
  2136 | D:5      | Reached skill level 6 in Axes
  2465 | D:6      | Found a basalt altar of Yredelemnul.
  2591 | D:6      | Found a white marble altar of Elyvilon.
  2702 | D:6      | Noticed Duvessa
  2702 | D:6      | Noticed Dowan
  2710 | D:6      | Killed Duvessa
  2710 | D:6      | Reached skill level 7 in Axes
  2717 | D:6      | Killed Dowan
  2831 | D:6      | Found a sparkling altar of Nemelex Xobeh.
  3127 | D:7      | Gained mutation: You passively map the area around you.
                  | [Deep Dwarf growth]
  3127 | D:7      | Reached XP level 9. HP: 49/84 MP: 4/4
  3154 | D:7      | Found a staircase to the Ecumenical Temple.
  3165 | Temple   | Entered the Ecumenical Temple
  3257 | Temple   | Became a worshipper of Makhleb the Destroyer
  3332 | D:7      | Reached skill level 1 in Invocations
  3855 | D:8      | Noticed a two-headed ogre
  3876 | D:8      | Killed a two-headed ogre
  3876 | D:8      | Reached skill level 8 in Axes
  3876 | D:8      | Reached skill level 5 in Dodging
  3916 | D:8      | Noticed Pikel
  3933 | D:8      | Killed Pikel
  3954 | D:8      | Reached * piety under Makhleb
  3975 | D:8      | Found an iron altar of Okawaru.
  3978 | D:8      | Noticed a two-headed ogre
  3981 | D:8      | Reached XP level 10. HP: 57/94 MP: 5/5
  4015 | D:8      | Killed a two-headed ogre
  4015 | D:8      | Reached skill level 5 in Invocations
  4023 | D:8      | Quit the game

Levels and vault maps discovered:
D:1:      nagdon_arrival_double_spiral, layout_basic
D:2:      layout_basic, chequers_temple_overflow_statue_of_worship
D:3:      layout_basic, led_xom_imps
D:4:      layout_basic, serial_curves, eino_curves_03, eino_curves_02,
          kennysheep_dice
D:5:      layout_basic, lemuel_crystal_altar, first_ration,
          ebering_dispersal_statue_hall, grunt_ministairs_14
D:6:      layout_gridville, kennysheep_ying_yang, nemelex_spade_bored_becter,
          uniq_duvessa
D:7:      layout_gridville, minmay_temple_entry_proselytizer, st_stairs_11,
          kennysheep_crisscross
D:8:      layout_loops_ring, okawaru_gym_becter, serial_shops,
          nicolae_shop_stone, uniq_pikel
Temple:   lightli_temple_of_artemis

Skill      XL: |  1  2  3  4  5  6  7  8  9 10 |
---------------+-------------------------------+-----
Fighting       | 3 4 5 6 7 |  7.5
Axes           | 3 4 5 7 8 |  8.7
Dodging        | 1 2 3 4 5 |  5.6
Shields        | 4 5 6 |  6.8
Armour         | 4 5 6 |  6.8
Invocations    | 4 5 |  5.3

Action                   |  1- 3 |  4- 6 |  7- 9 | 10-12 || total
-------------------------+-------+-------+-------+-------++-------
Melee: War axe           |    80 |   136 |   457 |    24 ||   697
 Abil: Heal Wounds       |     2 |     3 |    25 |     9 ||    39
Evoke: Wand              |       |       |     3 |       ||     3
  Use: Scroll            |     1 |     7 |     7 |       ||    15
 Stab: Sleeping          |       |       |     1 |       ||     1
  Eat: Chunk             |       |     2 |    10 |       ||    12
Armor: Chain mail        |    70 |    62 |    53 |       ||   185
       Shadow dragon sca |       |       |   196 |    10 ||   206
Dodge: Dodged            |    24 |    42 |   153 |    11 ||   230
Block: Kite shield       |    69 |    75 |   254 |    24 ||   422

Table legend:
 A = Non-vault XP
 B = Vault XP
 C = Vault XP percentage of total XP
 D = Non-vault monster count
 E = Vault monster count
 F = Vault count percentage of total count
                 A         B        C        D         E       F
            +---------+---------+-------+---------+---------+-------
      Total |    5209 |    1323 |  20.3 |     144 |      10 |   6.5
            +---------+---------+-------+---------+---------+-------
        D:1 |      11 |       0 |   0.0 |       7 |       0 |   0.0
        D:2 |      75 |       0 |   0.0 |      16 |       0 |   0.0
        D:3 |      67 |     200 |  74.9 |      11 |       4 |  26.7
        D:4 |     352 |       0 |   0.0 |      22 |       0 |   0.0
        D:5 |     968 |     136 |  12.3 |      32 |       1 |   3.0
        D:6 |     640 |     223 |  25.8 |      16 |       2 |  11.1
        D:7 |     854 |     171 |  16.7 |      25 |       2 |   7.4
        D:8 |    2242 |     593 |  20.9 |      15 |       1 |   6.2
            +---------+---------+-------+---------+---------+-------
